 Dungeon Crawl Stone Soup version 0.31.0-32-g396128a36d (webtiles) character file.

Game seed: 13531990313392363725

142 Gabide the Poker (level 5, 0/26 (45) HPs)
             Began as a Draconian Reaver on Apr 21, 2024.
             Slain by Edmund
             ... wielding a +5 flail of draining
              (6 damage)
             ... on level 4 of the Dungeon.
             The game lasted 00:05:35 (2782 turns).

Gabide the Poker (Draconian Reaver)                 Turns: 2782, Time: 00:05:36

HP:   0/26 (45)     AC:  6    Str: 15    XL:     5   Next: 4%
MP:   8/9           EV: 12    Int: 15    God:
Gold: 139           SH:  0    Dex:  9    Spells: 8/9 levels left

rFire   . . .        a - +1 spear (venom)
rCold   . . .        (no shield)
rNeg    . . .        (body armour unavailable)
rPois   .            (helmet restricted)
rElec   .            (no cloak)
rCorr   .            j - +0 pair of gloves
SInv    .            (no boots)
Will    .....        (no amulet)
Stlth   +            i - ring of flight
HPRegen 0.24/turn    (no ring)
MPRegen 0.11/turn

%: no passive effects
@: flying, very heavily drained
A: AC +5, unfitting armour, cold-blooded
a: no special abilities


You were on level 4 of the Dungeon.
You visited 1 branch of the dungeon, and saw 4 of its levels.

You collected 139 gold pieces.

Inventory:

Hand Weapons
 a - a +1 spear of venom (weapon)
Armour
 j - a +0 pair of gloves (worn)
Jewellery
 i - a ring of flight (left hand)
Wands
 h - a wand of charming (10)
Scrolls
 c - a scroll of identify
 f - 2 scrolls of noise
 k - a scroll of revelation


   Skills:
 + Level 3.2 Fighting
 * Level 4.3 Polearms
 + Level 2.6 Dodging
 + Level 2.7 Spellcasting
 - Level 3.0 Conjurations


You had 8 spell levels left.
You knew the following spells:

 Your Spells              Type           Power      Damage    Failure   Level
a - Kiss of Death         Conj/Necr      24%        2d7       11%         1

Your spell library contained the following spells:

 Spells                   Type           Power      Damage    Failure   Level
 Momentum Strike          Conj/Tloc      12%        3d8       17%         2
 Hailstorm                Conj/Ice       6%         3d5       32%         3


Dungeon Overview and Level Annotations

Branches:
Dungeon (4/15)
 Temple: D:4-7

Altars:
Trog

Annotations:
D:4 Edmund


Innate Abilities, Weirdness & Mutations

Your plain brown scales are hard. (AC +5)
You cannot fit into any form of body armour.
You are cold-blooded and may be slowed by cold attacks.


Message History

You feel drained.
You feel much better.
Edmund hits you with a +5 flail of draining!
You feel drained. Edmund attacks as he pursues you!
Edmund hits you with a +5 flail of draining.
You feel drained.
Found a leather armour.
You barely miss Edmund.
Edmund hits you with a +5 flail of draining!
You feel drained.
* * * LOW HITPOINT WARNING * * *
Press: ? - help, v - describe, . - travel
Here: Edmund, wielding a +5 flail of draining and wearing a +0 scale mail The floor.
Unknown command.
Okay, then.
You aren't carrying any potions.
Aiming: Kiss of Death (safe; 11% risk of failure)
Press: ? - help, Q - select action, (/) - cycle Shift-Dir - straight line, f/p - Edmund
Aim: Edmund, wielding a +5 flail of draining and wearing a +0 scale mail (100% to hit)
The negative energy hits Edmund.
Edmund is drained!
Edmund is lightly wounded.
You feel drained.
Edmund hits you with a +5 flail of draining.
* * * LOW HITPOINT WARNING * * *
You feel drained.
You hit Edmund.
Edmund is poisoned.
Your tail-slap misses Edmund.
Edmund is moderately wounded.
Edmund hits you with a +5 flail of draining.
* * * LOW HITPOINT WARNING * * *
You feel drained.
You hit Edmund.
Edmund looks as sick as possible!
You tail-slap Edmund, but do no damage.
Edmund is moderately wounded.
You completely miss Edmund. You tail-slap Edmund, but do no damage.
Edmund is moderately wounded.
Edmund hits you with a +5 flail of draining.
You die...
Edmund says, "I'd like to see a scythe do that!"

#.#<............##
#.#........##....#
#.##.......###....
#.##.....#.###....
#.#......).##..<##
#.............#J##
#lJ........####...
#@##.....#.# #...
#@###...##># #...
#.# #..## # #...
#.# #.(.. #... #.#
#.### #...#. #.#
.# ........ #.#
........ #.#
........ #[#
........ ........


You could see Edmund (extremely poisoned, drained), an iguana and an endoplasm.

Vanquished Creatures
  Jessica (D:3)
  Robin (D:3)
  4 adders
  2 dart slugs
  6 endoplasms
  4 giant cockroaches
  11 goblins
  7 hobgoblins
  2 jackals (D:1)
  3 quokkas
  4 ball pythons
  6 bats
  2 frilled lizards
  2 kobolds (D:1)
  6 rats
61 creatures vanquished.

Vanquished Creatures (others)
  An arcanist (D:3)
1 creature vanquished.

Grand Total: 62 creatures vanquished

Notes
Turn   | Place    | Note
-------+----------+-------------------------------------------
     0 | D:1      | Gabide the Draconian Reaver began the quest for the Orb.
     0 | D:1      | Reached XP level 1. HP: 17/17 MP: 3/3
   111 | D:1      | Reached XP level 2. HP: 25/25 MP: 5/5
   650 | D:1      | Reached XP level 3. HP: 20/27 MP: 6/6
  1760 | D:3      | Reached XP level 4. HP: 33/37 MP: 7/7
  1807 | D:3      | Reached skill level 4 in Polearms
  2187 | D:3      | Noticed Robin
  2242 | D:3      | Killed Robin
  2567 | D:3      | Found a bloodstained altar of Trog.
  2571 | D:3      | Noticed a wizard
  2576 | D:3      | Killed a wizard
  2661 | D:3      | Noticed Jessica
  2667 | D:3      | Killed Jessica
  2668 | D:3      | Reached XP level 5. HP: 40/44 MP: 9/9
  2728 | D:4      | Noticed Edmund
  2782 | D:4      | Slain by Edmund

Illustrated notes

Levels and vault maps discovered:
D:1:      dpeg_arrival_pond, layout_basic
D:2:      layout_loops_ring, minivault_14
D:3:      layout_loops_ring, trog_wizard, moated_statue, uniq_jessica,
          uniq_robin
D:4:      layout_rooms, kennysheep_little_box, nicolae_overflow_crystal_walls,
          minmay_ruined_shrine, uniq_edmund, uniq_menkaure

Skill      XL: |  1  2  3  4 |
---------------+-------------+-----
Dodging        | 2 |  2.6
Polearms       | 4 |  4.3
Fighting       | 3 |  3.2
Spellcasting   | |  2.7
Conjurations   | |  3.0

Action                     |  1- 3 |  4- 6 || total
---------------------------+-------+-------++-------
  Melee: Spear             |   165 |    62 ||   227
         Tailslap          |    11 |     9 ||    20
         Punch             |     1 |       ||     1
   Cast: Kiss of Death     |     1 |     2 ||     3
    Use: Scroll            |     6 |     3 ||     9
         Potion            |       |     4 ||     4
   Stab: Invisible         |       |     2 ||     2
         Sleeping          |       |     1 ||     1
 Armour: Skin              |    74 |    34 ||   108
  Dodge: Dodged            |    76 |    23 ||    99
